 Dungeon Crawl Stone Soup version 0.30-a0-1116-gebefce21f7 (webtiles) character file.

Game seed: 3034430175442957603

36 Zdeegee the Gusty (level 3, -2/19 HPs)
             Began as a Tengu Air Elementalist on Apr 22, 2023.
             Slain by a cerulean imp
             ... wielding a +0 spear
             ... summoned by Natasha
              (4 damage)
             ... on level 2 of the Dungeon.
             The game lasted 00:02:11 (1176 turns).

Zdeegee the Gusty (Tengu Air Elementalist)          Turns: 1176, Time: 00:02:13

Health: -2/19      AC:  3    Str:  8    XL:     3   Next: 37%
Magic:  1/7        EV: 12    Int: 17    God:
Gold:   77         SH:  0    Dex: 14    Spells: 3/6 levels left

rFire   . . .      SeeInvis .    k - +0 dagger (speed)
rCold   . . .      Faith    .    (no shield)
rNeg    . . .      Spirit   .    a - +0 robe
rPois   .          Reflect  .    (helmet restricted)
rElec   .          Rampage  .    (no cloak)
rCorr   .                        g - +0 pair of gloves
Will    .....                    (boots unavailable)
Stlth   ++                       (no amulet)
HPRegen 0.23/turn                (no ring)
MPRegen 0.10/turn                (no ring)

@: slowed, very slow
A: beak, talons 3
a: no special abilities


You were on level 2 of the Dungeon.
You visited 1 branch of the dungeon, and saw 2 of its levels.

You collected 77 gold pieces.

Inventory:

Hand Weapons
 c - a +0 club
 d - a +0 dagger
 h - a +0 short sword
 k - a +0 dagger of speed (weapon)
Missiles
 e - 11 stones
 f - 4 poisoned darts
Armour
 a - a +0 robe (worn)
 g - a +0 pair of gloves (worn)
Scrolls
 i - a scroll of identify
 j - a scroll of fog {unknown}
Potions
 b - a potion of magic
 l - a potion of heal wounds {unknown}
 m - a potion of curing
 n - a potion of resistance


   Skills:
 * Level 0.2 Fighting
 * Level 0.6 Armour
 * Level 2.3 Dodging
 + Level 2.0 Stealth
 * Level 2.2 Spellcasting
 * Level 2.3 Conjurations
 * Level 1.1 Summonings
 + Level 4.6 Air Magic


You had 3 spell levels left.
You knew the following spells:

 Your Spells              Type           Power      Damage    Failure   Level
a - Shock                 Conj/Air       52%        1d6       4%          1
b - Static Discharge      Conj/Air       26%        2-4/arc   7%          2

Your spell library contained the following spells:

 Spells                   Type           Power      Damage    Failure   Level
 Swiftness                Air            17%        N/A       9%          3
 Airstrike                Air            8%         2d(2-18)  28%         4


Dungeon Overview and Level Annotations

Branches:
Dungeon (2/15)

Altars:

Annotations:
D:2 Natasha


Innate Abilities, Weirdness & Mutations

You have a beak for a mouth.
You have claws for feet.


Message History

The hobgoblin is almost dead.
You are struck by an arc of lightning.
The hobgoblin is struck by an arc of lightning.
You kill the hobgoblin!
The lightning grounds out.
Natasha mumbles some strange words.
The cerulean imp barely misses you. Natasha casts a spell at you.
The magic dart hits you.
The cerulean imp hits you from afar with a +0 spear.
Casting: Static Discharge (safe; 7% risk of failure)
Confirm with . or Enter, or press ? or * to list all spells.
Natasha is struck by an arc of lightning.
Natasha is moderately wounded.
The cerulean imp is struck by an arc of lightning.
The cerulean imp resists.
The cerulean imp is lightly wounded.
The cerulean imp is struck by an arc of lightning.
The cerulean imp completely resists.
Natasha closely misses you.
The cerulean imp hits you but does no damage.
Unknown command.
Casting: Static Discharge (safe; 7% risk of failure)
Confirm with . or Enter, or press ? or * to list all spells.
You don't have enough magic to cast this spell.
Unknown command.
Natasha howls an incantation.
Natasha shimmers violently.
Natasha casts a spell.
The cerulean imp hits you from afar with a +0 spear.
You closely miss the cerulean imp. Natasha misses you.
The cerulean imp closely misses you. The cerulean imp misses you.
As you read the scroll labelled NYNEWESAOWK, it crumbles to dust.
It is a scroll of identify.
n - a potion of resistance The cerulean imp disappears in a puff of smoke!
Natasha claws you.
The cerulean imp hits you with a +0 spear.
* * * LOW HITPOINT WARNING * * *
The cerulean imp hits you from afar with a +0 spear.
You die...

###.#####..###.##
#. #.## ##.######.
# ##.# #........
#..## ##..##....
#...###........)
####.........##.##.
..##.......## #
#5###.....##
#@####...##
#.h5..#.######.#
#####)#.#......
#.#†...##
#h#.....##
#5.......###
#.....>....#
#5.......#.#
#.#.....##.#


You could see Natasha and 2 cerulean imps.

Vanquished Creatures
  An adder (D:2)
  An endoplasm (D:2)
  A giant cockroach (D:1)
  4 goblins (D:1)
  4 hobgoblins
  2 quokkas (D:1)
  3 ball pythons
  2 frilled lizards (D:1)
  4 kobolds (D:1)
  3 rats (D:1)
25 creatures vanquished.

Notes
Turn   | Place    | Note
-------+----------+-------------------------------------------
     0 | D:1      | Zdeegee the Tengu Air Elementalist began the quest for the
                  | Orb.
     0 | D:1      | Reached XP level 1. HP: 10/10 MP: 4/4
   237 | D:1      | Reached XP level 2. HP: 15/15 MP: 4/6
   536 | D:1      | Learned a level 2 spell: Static Discharge
   773 | D:1      | Reached skill level 1 in Summonings
   960 | D:2      | Reached XP level 3. HP: 17/19 MP: 2/7
  1139 | D:2      | Noticed Natasha
  1176 | D:2      | Slain by a cerulean imp

Illustrated notes

Levels and vault maps discovered:
D:1:      spicycebolla_arrival_xxxplode, layout_basic
D:2:      layout_loops_ring, uniq_crazy_yiuf_cottage, uniq_natasha

Skill      XL: |  1  2 |
---------------+-------+-----
Conjurations   | 2 |  2.3
Summonings     | 1 |  1.1
Fighting       | |  0.2
Armour         | |  0.6
Dodging        | |  2.3
Stealth        | |  2.0
Spellcasting   | |  2.2
Air Magic      | |  4.6

Action                     || total
---------------------------++-------
  Melee: Unarmed           ||     6
         Short sword       ||     1
         Dagger            ||     2
   Cast: Shock             ||    50
         Static Discharge  ||     3
    Use: Scroll            ||     1
 Armour: Robe              ||     3
  Dodge: Dodged            ||    13

Table legend: (Time is in decaauts)
 A = Elapsed time spent in this place.
 B = Non-inter-level travel time spent in this place.
 C = Inter-level travel time spent in this place.
 D = Time resting spent in this place.
 E = Time spent auto-exploring this place.
 F = Levels seen in this place.
 G = Mean time per level.
                   A        B        C        D        E       F      G
               +--------+--------+--------+--------+--------+-----+--------+
         Total |   1176 |   1148 |     28 |      0 |    959 |   2 |  588.0 |
       Dungeon |   1176 |   1148 |     28 |      0 |    959 |   2 |  588.0 |
               +--------+--------+--------+--------+--------+-----+--------+

Top non-repeatable levels by time:
     D:1: 952 daAuts
     D:2: 224 daAuts
